 Dungeon Crawl Stone Soup version 0.28-a0-893-g5e322aebe8 (webtiles) character file.

Game seed: 11069354073178383238

680 AvatarAndi78 the Chopper (level 7, -2/52 (61) HPs)
             Began as a Minotaur Fighter on Nov 22, 2021.
             Was an Initiate of Okawaru.
             Slain by a sky beast (4 damage)
             ... on level 5 of the Dungeon.
             The game lasted 00:09:01 (4676 turns).

AvatarAndi78 the Chopper (Minotaur Fighter)         Turns: 4676, Time: 00:09:02

HP:   -2/52 (61)    AC:  7    Str: 21    XL:     7   Next: 34%
MP:   6/6           EV: 10    Int:  5    God:    Okawaru [......]
Gold: 167           SH:  5    Dex: 11    Spells: 6/6 levels left

rFire   + . .      SeeInvis .   a - +0 war axe
rCold   . . .      Faith    .   c - +0 buckler
rNeg    . . .      Spirit   .   b - +0 scale mail
rPois   .          Reflect  .   (helmet restricted)
rElec   .          Harm     .   (no cloak)
rCorr   +          Rampage  .   (no gloves)
Will    .....                   (no boots)
Stlth   ..........              (no amulet)
HPRegen 0.17/turn               e - ring of protection from fire
MPRegen 0.10/turn               g - ring of resist corrosion

@: heavily drained
A: horns 2, retaliatory headbutt
a: Renounce Religion


You were on level 5 of the Dungeon.
You worshipped Okawaru.
Okawaru was noncommittal.
You visited 2 branches of the dungeon, and saw 6 of its levels.

You collected 167 gold pieces.

Inventory:

Hand Weapons
 a - a +0 war axe (weapon)
Armour
 b - a +0 scale mail (worn)
 c - a +0 buckler (worn)
Jewellery
 e - a ring of protection from fire (left hand)
 g - a ring of resist corrosion (right hand)
 j - a ring of resist corrosion
Scrolls
 q - a scroll of fog


   Skills:
 + Level 5.2 Fighting
 + Level 6.7 Axes
 + Level 6.0 Armour
 + Level 2.0 Dodging
 + Level 0.6 Stealth
 + Level 4.5 Shields


You had 6 spell levels left.
You didn't know any spells.
Your spell library contained the following spells:

 Spells                   Type           Power      Damage    Failure   Level
 Gell's Gravitas          Tloc           0%         N/A       99%         3
 Lesser Beckoning         Tloc           0%         N/A       99%         3
 Teleport Other           Tloc           0%         N/A       99%         3


Dungeon Overview and Level Annotations

Branches:
Dungeon (5/15)             Temple (1/1) D:4

Altars:
Ashenzari
Cheibriados
Dithmenos
Elyvilon
Fedhas
Gozag
Hepliaklqana
Makhleb
Okawaru
Qazlal
Ru
Sif Muna
Trog
Uskayaw
Vehumet
Wu Jian
Xom
Yredelemnul
Zin
The Shining One

Annotations:
D:5 Edmund


Innate Abilities, Weirdness & Mutations

You have a pair of horns on your head.
You reflexively headbutt those who attack you in melee.


Message History

You barely miss Edmund.
Edmund is moderately wounded.
You miss the sky beast.
Edmund asks, "Have you met my wondrous brother?"
Edmund barely misses you. The sky beast hits you. The sky beast shocks you.
You hit Edmund.
Edmund is heavily wounded.
You closely miss the sky beast.
Edmund hits you with a +2 flail of draining!
You feel drained.
The sky beast hits you but does no damage. x2
Edmund hits you with a +2 flail of draining.
You feel drained.
You hit Edmund. You headbutt Edmund, but do no damage.
Edmund is heavily wounded.
You hit the sky beast.
Edmund hits you with a +2 flail of draining.
You feel drained. You block the sky beast's attack.
You aren't carrying any potions.
Okay, then.
You aren't carrying any items that you can evoke.
Okay, then.
You closely miss the sky beast.
The sky beast is moderately wounded.
You hit Edmund but do no damage.
Edmund hits you with a +2 flail of draining.
* * * LOW HITPOINT WARNING * * *
You feel drained.
* * * LOW HITPOINT WARNING * * *
The sky beast hits you.
* * * LOW HITPOINT WARNING * * *
The sky beast shocks you.
* * * LOW HITPOINT WARNING * * *
You closely miss Edmund.
Edmund is heavily wounded.
You miss the sky beast.
Edmund hits you with a +2 flail of draining.
* * * LOW HITPOINT WARNING * * *
You feel drained. The sky beast hits you.
You die...

####
..#
#@#
#@#
#Y#
#<#
#.#
...
##..#
#..#
...!
...#


You could see Edmund and a sky beast.

Vanquished Creatures
  2 black bears (D:4)
  An ogre (D:3)
  Blork the orc (D:4)
  A hound (D:4)
  3 orc priests
  2 iguanas (D:4)
  An orc wizard (D:2)
  3 adders
  3 gnolls (D:3)
  11 orcs
  8 ball pythons
  7 bats
  3 endoplasms
  4 giant cockroaches
  5 goblins
  7 hobgoblins
  8 jackals (D:1)
  A quokka (D:1)
  3 frilled lizards
  7 kobolds
  3 rats
84 creatures vanquished.

Vanquished Creatures (others)
  2 plants (D:4)
2 creatures vanquished.

Grand Total: 86 creatures vanquished

Notes
Turn   | Place    | Note
-------+----------+-------------------------------------------
     0 | D:1      | AvatarAndi78 the Minotaur Fighter began the quest for the
                  | Orb.
     0 | D:1      | Reached XP level 1. HP: 19/19 MP: 0/0
   162 | D:1      | Reached XP level 2. HP: 21/27 MP: 1/1
   332 | D:1      | Reached XP level 3. HP: 32/33 MP: 2/2
  1228 | D:2      | Reached XP level 4. HP: 40/40 MP: 3/3
  2259 | D:3      | Reached XP level 5. HP: 15/47 MP: 4/4
  2627 | D:3      | Noticed an ogre
  2633 | D:3      | Killed an ogre
  2634 | D:3      | Reached skill level 5 in Axes
  2634 | D:3      | Reached skill level 1 in Dodging
  3071 | D:4      | Reached skill level 5 in Armour
  3071 | D:4      | Reached XP level 6. HP: 55/55 MP: 5/5
  3136 | D:4      | Reached skill level 5 in Fighting
  3200 | D:4      | Reached XP level 7. HP: 57/61 MP: 6/6
  3402 | D:4      | Found a staircase to the Ecumenical Temple.
  3430 | Temple   | Entered the Ecumenical Temple
  4377 | Temple   | Became a worshipper of Warmaster Okawaru
  4456 | D:4      | Noticed Blork the orc
  4459 | D:4      | Killed Blork the orc
  4666 | D:5      | Entered Level 5 of the Dungeon
  4666 | D:5      | Noticed Edmund
  4676 | D:5      | HP: 2/53 [Edmund (3)]
  4676 | D:5      | Slain by a sky beast

Illustrated notes

Levels and vault maps discovered:
D:1:      wander_arrival_abandoned_jail, layout_loops_ring, serial_glass,
          glass_columns_a, glass_columns_a, minmay_strange_pillars
D:2:      minmay_wonky_spiral, layout_loops_ring
D:3:      layout_basic, grunt_ministairs_5, nrook_mini_vaults, kennysheep_path_1
D:4:      layout_gridville, minmay_temple_entry_proselytizer,
          serial_bayou_ford_a, chequers_hall_statues_y,
          minmay_misc_feat_hallway, grunt_decor_resistance, uniq_blork_the_orc
D:5:      layout_loops_corners, mainiacjoe_overflow_24_doors, uniq_eustachio,
          uniq_edmund
Temple:   mainiacjoe_temple_big_plus

Skill      XL: |  1  2  3  4  5  6  7 |
---------------+----------------------+-----
Fighting       | 4 5 |  5.2
Shields        | 4 |  4.5
Axes           | 3 4 5 6 |  6.7
Armour         | 4 5 6 |  6.0
Dodging        | 1 2 |  2.0
Stealth        | |  0.6

Action                   |  1- 3 |  4- 6 |  7- 9 || total
-------------------------+-------+-------+-------++-------
Melee: War axe           |    84 |    75 |    26 ||   185
       Headbutt          |    13 |    20 |     8 ||    41
  Use: Potion            |     1 |       |     5 ||     6
       Scroll            |       |       |     5 ||     5
Armor: Scale mail        |    44 |    35 |     6 ||    85
Dodge: Dodged            |    45 |    32 |    11 ||    88
Block: Buckler           |    18 |    17 |     5 ||    40

Table legend: (Time is in decaauts)
 A = Elapsed time spent in this place.
 B = Non-inter-level travel time spent in this place.
 C = Inter-level travel time spent in this place.
 D = Time resting spent in this place.
 E = Time spent auto-exploring this place.
 F = Levels seen in this place.
 G = Mean time per level.
                   A        B        C        D        E       F      G
               +--------+--------+--------+--------+--------+-----+--------+
         Total |   4739 |   4241 |    498 |      8 |   3687 |   6 |  789.8 |
       Dungeon |   3767 |   3623 |    144 |      8 |   3077 |   5 |  753.4 |
        Temple |    971 |    617 |    354 |      0 |    610 |   1 |  971.0 |
               +--------+--------+--------+--------+--------+-----+--------+

Top non-repeatable levels by time:
     D:2: 1174 daAuts
     D:3: 1137 daAuts
  Temple: 971 daAuts
     D:1: 786 daAuts
     D:4: 657 daAuts
     D:5: 10 daAuts
